General information
- name: BNet
- type: Ladder team game (AT/RT)
- host: Battle.net
- saver: TheMightyCaesar
map: Deadlands
- players: 8
- length: 45:38
- speed: Fast
- version: 1.26 W3XP
- replay type: Public
» download(206 KB)
Players
team 1 (loser)

»
ThatsRite (
yellow | 45 APM | 1516 actions | 33:52)
5 Paladin
2 Holy Light
3 Devotion Aura
» actions
| Basic commands | 33 | |
| Build / train | 75 | |
| Enter build submenu | 38 | |
| Enter hero's abilities submenu | 5 | |
| Give item / drop item | 2 | |
| Right click | 952 | |
| Select / deselect | 347 | |
| Use ability | 64 | |
1516 total
» units
| Peasant | 15 | |
| Footman | 5 | |
| Siege Engine | 8 | |
| Flying Machine | 11 | |
| Mortar Team | 1 | |
| Goblin Sapper | 1 | |
41 total
» upgrades
| Masonry | 3 | |
| Lumber Harvesting | 2 | |
| Gunpowder | 3 | |
| Plating | 3 | |
| Barrage | 1 | |
| Flak Cannons | 1 | |
| Flying Machine Bombs | 1 | |
14 total
» buildings
| Altar of Kings | 1 | |
| Farm | 10 | |
| Lumber Mill | 3 | |
| Barracks | 1 | |
| Arcane Vault | 1 | |
| Scout Tower | 10 | |
| Arcane Tower | 2 | |
| Keep | 1 | |
| Town Hall | 2 | |
| Guard Tower | 8 | |
| Blacksmith | 1 | |
| Castle | 1 | |
| Workshop | 5 | |
46 total
» build order
00:11 Altar of Kings
00:15 Farm
00:30 Lumber Mill
00:54 Barracks
01:34 Farm
01:59 Arcane Vault
02:08 Farm
02:25 Scout Tower
03:04 Arcane Tower
04:16 Keep
05:07 Town Hall
05:24 Scout Tower
05:26 Scout Tower
05:27 Scout Tower
05:31 Scout Tower
06:10 Guard Tower
06:11 Guard Tower
06:13 Guard Tower
06:15 Guard Tower
06:16 Arcane Tower
06:23 Blacksmith
06:44 Castle
08:03 Farm
09:19 Workshop
09:20 Workshop
09:25 Workshop
09:50 Workshop
10:20 Workshop
10:24 Farm
10:38 Farm
12:42 Lumber Mill
13:08 Farm
13:10 Farm
13:13 Farm
13:14 Farm
19:32 Town Hall
19:39 Scout Tower
19:42 Scout Tower
20:06 Guard Tower
20:10 Guard Tower
25:40 Lumber Mill
26:53 Scout Tower
26:55 Scout Tower
27:12 Scout Tower
27:13 Guard Tower
27:36 Guard Tower
» items
| Lesser Clarity Potion | 1 | |
| Scroll of Regeneration | 1 | |
2 total
MAKETHEMALLDEAD (
blue | 56 APM | 2556 actions | 45:38)
5 Blademaster
3 Wind Walk
2 Critical Strike
» actions
| Assign group hotkey | 183 | |
| Basic commands | 312 | |
| Build / train | 79 | |
| Enter build submenu | 43 | |
| Enter hero's abilities submenu | 5 | |
| Give item / drop item | 6 | |
| Remove unit from queue | 3 | |
| Right click | 1044 | |
| Select / deselect | 399 | |
| Select group hotkey | 365 | |
| Use ability | 117 | |
2556 total
» units
| Peon | 10 | |
| Grunt | 4 | |
| Goblin Shredder | 2 | |
| Wind Rider | 10 | |
| Troll Batrider | 2 | |
| Goblin Sapper | 4 | |
32 total
» upgrades
| Armor | 3 | |
| Pillage | 1 | |
| Ranged Weapons | 3 | |
| Envenomed Spears | 1 | |
| Reinforced Defenses | 1 | |
9 total
» buildings
| Orc Burrow | 6 | |
| Altar of Storms | 1 | |
| Barracks | 1 | |
| Voodoo Lounge | 1 | |
| Stronghold | 4 | |
| Great Hall | 4 | |
| War Mill | 2 | |
| Beastiary | 6 | |
| Watch Tower | 25 | |
| Fortress | 1 | |
51 total
» build order
00:14 Orc Burrow
00:52 Altar of Storms
00:53 Barracks
01:06 Orc Burrow
01:44 Voodoo Lounge
03:11 Stronghold
03:11 Stronghold
03:11 Stronghold
03:45 Orc Burrow
04:56 Great Hall
05:27 War Mill
06:00 Beastiary
06:00 Beastiary
07:55 Watch Tower
07:56 Watch Tower
07:56 Watch Tower
07:57 Watch Tower
09:05 Watch Tower
09:05 Watch Tower
09:06 Watch Tower
09:08 Watch Tower
09:13 Watch Tower
09:14 Watch Tower
09:14 Watch Tower
10:06 Orc Burrow
11:43 War Mill
13:06 Beastiary
13:07 Beastiary
13:08 Beastiary
13:08 Beastiary
15:18 Watch Tower
15:19 Watch Tower
15:19 Watch Tower
15:21 Watch Tower
15:21 Watch Tower
15:22 Watch Tower
15:23 Watch Tower
15:23 Watch Tower
15:23 Watch Tower
15:24 Watch Tower
15:26 Watch Tower
15:27 Watch Tower
15:27 Watch Tower
15:28 Watch Tower
16:39 Fortress
21:09 Orc Burrow
21:10 Orc Burrow
34:30 Great Hall
34:34 Great Hall
38:12 Great Hall
» items
| Healing Salve | 6 | |
| Lesser Clarity Potion | 4 | |
| Boots of Speed | 1 | |
| Potion of Healing | 1 | |
| Potion of Mana | 1 | |
| Scroll of Town Portal | 9 | |
| Staff of Teleportation | 1 | |
| Orb of Lightning | 1 | |
24 total

»
ChioDoS-iZ-SiK (
orange | 29 APM | 964 actions | 33:16)
5 Mountain King
3 Storm Bolt
2 Bash
4 Paladin
2 Holy Light
1 Devotion Aura
1 Divine Shield
» actions
| Assign group hotkey | 12 | |
| Basic commands | 6 | |
| Build / train | 82 | |
| Enter build submenu | 19 | |
| Enter hero's abilities submenu | 9 | |
| Give item / drop item | 1 | |
| Right click | 317 | |
| Select / deselect | 258 | |
| Select group hotkey | 192 | |
| Use ability | 68 | |
964 total
» units
| Peasant | 7 | |
| Footman | 11 | |
| Priest | 8 | |
| Knight | 6 | |
| Dragonhawk Rider | 18 | |
50 total
» upgrades
| Lumber Harvesting | 2 | |
| Priest Training | 2 | |
| Cloud | 1 | |
| Animal War Training | 1 | |
| Swords | 1 | |
7 total
» buildings
| Barracks | 1 | |
| Altar of Kings | 1 | |
| Farm | 8 | |
| Keep | 4 | |
| Arcane Vault | 1 | |
| Lumber Mill | 1 | |
| Blacksmith | 1 | |
| Castle | 1 | |
| Arcane Sanctum | 1 | |
| Town Hall | 1 | |
| Gryphon Aviary | 1 | |
21 total
» build order
00:08 Barracks
00:13 Altar of Kings
00:20 Farm
00:59 Farm
01:35 Farm
02:34 Farm
03:09 Keep
03:09 Keep
03:09 Keep
03:43 Arcane Vault
04:19 Lumber Mill
05:08 Blacksmith
05:24 Farm
06:04 Castle
06:28 Farm
06:55 Arcane Sanctum
09:27 Town Hall
10:18 Farm
10:38 Gryphon Aviary
13:15 Farm
» items
| Scroll of Regeneration | 1 | |
| Lesser Clarity Potion | 1 | |
| Scroll of Town Portal | 1 | |
3 total

»
CatTheWicked (
green | 32 APM | 1446 actions | 45:38)
4 Archmage
2 Blizzard
2 Brilliance Aura
4 Blood Mage
2 Flame Strike
2 Siphon Mana
» actions
| Assign group hotkey | 20 | |
| Build / train | 68 | |
| ESC pressed | 1 | |
| Enter build submenu | 29 | |
| Enter hero's abilities submenu | 8 | |
| Right click | 578 | |
| Select / deselect | 276 | |
| Select group hotkey | 387 | |
| Use ability | 79 | |
1446 total
» units
| Peasant | 12 | |
| Rifleman | 6 | |
| Mortar Team | 7 | |
| Sorceress | 4 | |
| Priest | 3 | |
| Siege Engine | 4 | |
36 total
» upgrades
| Gunpowder | 3 | |
| Lumber Harvesting | 1 | |
| Sorceress Training | 2 | |
| Long Rifles | 1 | |
| Priest Training | 2 | |
| Fragmentation Shards | 1 | |
| Flare | 1 | |
| Plating | 2 | |
| Animal War Training | 1 | |
14 total
» buildings
| Lumber Mill | 1 | |
| Farm | 14 | |
| Altar of Kings | 1 | |
| Barracks | 1 | |
| Scout Tower | 2 | |
| Blacksmith | 1 | |
| Arcane Tower | 1 | |
| Guard Tower | 1 | |
| Keep | 1 | |
| Arcane Vault | 1 | |
| Arcane Sanctum | 1 | |
| Castle | 1 | |
| Workshop | 2 | |
| Town Hall | 2 | |
| Gryphon Aviary | 1 | |
31 total
» build order
00:14 Lumber Mill
00:27 Farm
01:10 Altar of Kings
02:19 Barracks
02:25 Farm
02:32 Scout Tower
02:53 Blacksmith
03:00 Arcane Tower
03:04 Farm
03:11 Scout Tower
03:58 Guard Tower
04:00 Keep
04:06 Farm
05:24 Farm
06:06 Farm
06:29 Arcane Vault
06:44 Arcane Sanctum
06:51 Farm
07:33 Farm
08:11 Castle
08:18 Workshop
10:41 Farm
12:07 Farm
12:45 Farm
13:32 Farm
14:10 Farm
16:37 Town Hall
17:18 Town Hall
18:38 Farm
23:55 Workshop
28:20 Gryphon Aviary
» items
| Scroll of Regeneration | 1 | |
| Scroll of Town Portal | 3 | |
4 total
team 2 (winner)
TobIsNaruto (
red | 39 APM | 460 actions | 11:40)
4 Priestess of the Moon
2 Searing Arrows
2 Trueshot Aura
» actions
| Build / train | 46 | |
| ESC pressed | 2 | |
| Enter build submenu | 17 | |
| Enter hero's abilities submenu | 4 | |
| Right click | 185 | |
| Select / deselect | 177 | |
| Use ability | 29 | |
460 total
» units
| Wisp | 19 | |
| Peasant | 6 | |
| Huntress | 9 | |
| Hippogryph | 4 | |
38 total
» upgrades
| Strength of the Moon | 1 | |
| Moon Armor | 1 | |
2 total
» buildings
| Moon Well | 4 | |
| Altar of Elders | 1 | |
| Hunter's Hall | 1 | |
| Ancient of War | 2 | |
| Tree of Life | 1 | |
| Tree of Ages | 1 | |
| Ancient Protector | 5 | |
| Ancient of Wind | 1 | |
16 total
» build order
00:19 Moon Well
00:39 Altar of Elders
01:35 Hunter's Hall
02:08 Ancient of War
02:10 Ancient of War
02:21 Moon Well
03:12 Moon Well
05:34 Tree of Life
05:47 Tree of Ages
06:50 Ancient Protector
06:52 Ancient Protector
06:55 Ancient Protector
06:58 Ancient Protector
09:05 Moon Well
09:07 Ancient Protector
09:17 Ancient of Wind
TheMightyCaesar (
purple | 89 APM | 4069 actions | 45:38)
7 Archmage
3 Summon Water Elemental
3 Brilliance Aura
1 Mass Teleport
1 Paladin
1 Divine Shield
» actions
| Assign group hotkey | 78 | |
| Basic commands | 127 | |
| Build / train | 345 | |
| ESC pressed | 6 | |
| Enter build submenu | 133 | |
| Enter hero's abilities submenu | 8 | |
| Give item / drop item | 1 | |
| Remove unit from queue | 1 | |
| Right click | 1502 | |
| Select / deselect | 857 | |
| Select group hotkey | 652 | |
| Use ability | 359 | |
4069 total
» units
| Peasant | 48 | |
| Footman | 19 | |
| Draenei Disciple | 1 | |
| Rifleman | 2 | |
| Wisp | 10 | |
| Gryphon Rider | 6 | |
| Dragonhawk Rider | 2 | |
88 total
» upgrades
| Masonry | 6 | |
| Swords | 4 | |
| Lumber Harvesting | 4 | |
| Ultravision | 1 | |
| Storm Hammers | 1 | |
| Cloud | 1 | |
| Animal War Training | 1 | |
| Armor | 2 | |
| Backpack | 1 | |
21 total
» buildings
| Altar of Kings | 4 | |
| Barracks | 3 | |
| Farm | 17 | |
| Arcane Vault | 2 | |
| Town Hall | 6 | |
| Keep | 11 | |
| Lumber Mill | 4 | |
| Blacksmith | 2 | |
| Scout Tower | 67 | |
| Arcane Tower | 10 | |
| Guard Tower | 149 | |
| Castle | 11 | |
| Ancient Protector | 8 | |
| Gryphon Aviary | 3 | |
297 total
» build order
00:15 Altar of Kings
00:16 Barracks
00:21 Farm
00:50 Altar of Kings
00:54 Barracks
00:58 Farm
01:02 Farm
01:34 Farm
01:41 Farm
02:22 Farm
02:28 Farm
03:41 Arcane Vault
04:06 Town Hall
04:11 Keep
04:11 Keep
04:15 Lumber Mill
04:17 Blacksmith
04:20 Farm
04:24 Scout Tower
04:55 Farm
05:03 Arcane Tower
05:04 Arcane Tower
05:07 Scout Tower
05:09 Farm
05:12 Scout Tower
05:36 Farm
05:45 Guard Tower
05:45 Guard Tower
05:45 Guard Tower
05:46 Guard Tower
06:48 Farm
07:35 Keep
07:35 Keep
07:41 Blacksmith
07:47 Scout Tower
07:47 Scout Tower
07:56 Scout Tower
07:58 Scout Tower
07:59 Scout Tower
08:09 Scout Tower
08:11 Scout Tower
08:17 Guard Tower
08:17 Guard Tower
08:18 Castle
08:19 Castle
08:28 Lumber Mill
08:41 Arcane Tower
08:41 Arcane Tower
09:00 Guard Tower
09:00 Guard Tower
09:09 Scout Tower
09:11 Scout Tower
09:14 Scout Tower
09:19 Scout Tower
09:31 Guard Tower
09:31 Guard Tower
09:32 Guard Tower
09:46 Guard Tower
09:47 Guard Tower
10:00 Guard Tower
10:01 Guard Tower
10:10 Guard Tower
10:10 Guard Tower
10:10 Guard Tower
10:20 Guard Tower
10:21 Guard Tower
10:21 Guard Tower
10:33 Scout Tower
10:34 Scout Tower
10:56 Scout Tower
11:00 Scout Tower
11:01 Scout Tower
11:04 Scout Tower
11:07 Scout Tower
11:13 Guard Tower
11:53 Scout Tower
11:54 Scout Tower
11:56 Scout Tower
11:57 Scout Tower
12:01 Scout Tower
12:04 Scout Tower
12:07 Scout Tower
12:15 Scout Tower
12:22 Guard Tower
12:22 Guard Tower
12:23 Guard Tower
12:25 Guard Tower
12:25 Guard Tower
12:25 Guard Tower
12:30 Guard Tower
12:30 Guard Tower
12:30 Guard Tower
12:54 Guard Tower
13:01 Ancient Protector
13:05 Ancient Protector
13:06 Ancient Protector
13:13 Ancient Protector
13:24 Guard Tower
13:24 Guard Tower
13:25 Guard Tower
13:25 Guard Tower
13:34 Scout Tower
13:35 Scout Tower
13:35 Scout Tower
13:35 Scout Tower
13:51 Guard Tower
14:06 Ancient Protector
14:26 Scout Tower
14:26 Scout Tower
14:28 Scout Tower
14:29 Scout Tower
14:30 Scout Tower
14:44 Ancient Protector
14:51 Scout Tower
15:00 Guard Tower
15:00 Guard Tower
15:00 Guard Tower
15:18 Guard Tower
15:19 Guard Tower
15:19 Guard Tower
15:19 Guard Tower
15:20 Guard Tower
15:23 Guard Tower
15:24 Guard Tower
15:24 Guard Tower
15:32 Ancient Protector
15:36 Ancient Protector
15:44 Guard Tower
15:45 Guard Tower
15:45 Guard Tower
15:51 Guard Tower
15:52 Guard Tower
16:21 Scout Tower
16:22 Scout Tower
16:25 Scout Tower
16:32 Scout Tower
16:35 Scout Tower
16:36 Scout Tower
16:37 Scout Tower
16:51 Guard Tower
16:52 Guard Tower
16:52 Guard Tower
16:53 Guard Tower
16:53 Guard Tower
16:53 Guard Tower
16:59 Farm
17:04 Farm
17:07 Guard Tower
17:07 Guard Tower
17:08 Guard Tower
17:17 Guard Tower
17:17 Guard Tower
17:30 Guard Tower
17:30 Guard Tower
17:30 Guard Tower
17:36 Guard Tower
17:36 Guard Tower
17:36 Guard Tower
17:54 Scout Tower
18:00 Scout Tower
18:04 Scout Tower
18:09 Scout Tower
18:17 Farm
18:24 Farm
18:26 Guard Tower
18:27 Guard Tower
18:27 Guard Tower
18:31 Guard Tower
18:31 Guard Tower
18:31 Guard Tower
18:32 Guard Tower
18:33 Guard Tower
18:33 Guard Tower
18:46 Guard Tower
18:46 Guard Tower
18:46 Guard Tower
19:35 Town Hall
20:14 Town Hall
22:08 Altar of Kings
22:27 Scout Tower
22:27 Scout Tower
22:29 Scout Tower
23:19 Arcane Vault
23:36 Lumber Mill
24:05 Scout Tower
24:08 Scout Tower
24:12 Scout Tower
24:39 Guard Tower
24:40 Castle
24:40 Castle
24:41 Guard Tower
24:41 Guard Tower
25:00 Gryphon Aviary
25:04 Gryphon Aviary
25:05 Gryphon Aviary
25:25 Guard Tower
26:30 Scout Tower
26:32 Scout Tower
27:38 Guard Tower
27:39 Guard Tower
27:55 Town Hall
28:46 Lumber Mill
28:48 Scout Tower
28:52 Scout Tower
29:31 Arcane Tower
29:32 Arcane Tower
29:35 Scout Tower
29:37 Scout Tower
29:41 Scout Tower
29:58 Farm
30:14 Guard Tower
30:14 Guard Tower
30:14 Guard Tower
30:59 Guard Tower
31:00 Keep
31:00 Keep
31:00 Keep
31:24 Town Hall
32:49 Town Hall
32:53 Scout Tower
32:54 Scout Tower
33:32 Guard Tower
36:14 Barracks
36:34 Guard Tower
36:34 Guard Tower
36:34 Guard Tower
36:56 Scout Tower
36:58 Scout Tower
37:26 Arcane Tower
37:53 Guard Tower
40:07 Altar of Kings
43:42 Castle
43:42 Castle
43:42 Castle
» items
| Scroll of Regeneration | 4 | |
| Potion of Healing | 2 | |
| Mechanical Critter | 4 | |
| Lesser Clarity Potion | 1 | |
11 total
Tombs (
teal | 17 APM | 174 actions | 10:17)
3 Demon Hunter
1 Immolation
2 Evasion
» actions
| Build / train | 22 | |
| Enter build submenu | 11 | |
| Enter hero's abilities submenu | 3 | |
| Right click | 52 | |
| Select / deselect | 62 | |
| Use ability | 24 | |
174 total
» units
» buildings
| Altar of Elders | 1 | |
| Moon Well | 3 | |
| Ancient of War | 1 | |
| Hunter's Hall | 1 | |
| Tree of Ages | 1 | |
| Ancient Protector | 3 | |
| Ancient of Wonders | 1 | |
| Ancient of Lore | 1 | |
12 total
» build order
00:16 Altar of Elders
00:24 Moon Well
01:00 Ancient of War
01:45 Moon Well
02:37 Hunter's Hall
03:24 Tree of Ages
03:47 Ancient Protector
04:18 Ancient of Wonders
04:59 Ancient Protector
05:44 Moon Well
07:37 Ancient of Lore
08:22 Ancient Protector
Chat log
(00:24 / All) MAKETHEMALLDEAD: how is everyone tonight?
(00:26 / Allies) TheMightyCaesar: stay
(00:32 / All) TobIsNaruto: not good
(00:41 / All) TheMightyCaesar: What's got you down?
(00:58 / All) MAKETHEMALLDEAD: how are you feeling red?
(01:01 / All) TobIsNaruto: Everything except positive gains
(01:28 / All) TobIsNaruto: HAHAHA JK I CAME
(06:56 / Allies) Tombs: gloves of haste were better for me
(07:06 / Allies) TheMightyCaesar: actually it's better on a ranged hero
(07:18 / Allies) TobIsNaruto: STAHP
(07:38 / All) ChioDoS-iZ-SiK: GG
(08:22 / All) ChioDoS-iZ-SiK: DIDN'T LOSE A UNIT
(08:50 / Allies) TheMightyCaesar: if you die control pink
(11:39 / All) TobIsNaruto: lol this is pointless beating blue
(11:59 / All) MAKETHEMALLDEAD: erm
(19:02 / All) CatTheWicked: we have tanks...really purp?
(19:14 / All) TheMightyCaesar: You'll know it when it happens
(29:22 / All) MAKETHEMALLDEAD: COME WITH ME
(29:25 / All) MAKETHEMALLDEAD: TO THE DANCE FLOOR
(29:27 / All) MAKETHEMALLDEAD: YOU AND ME
(29:38 / All) MAKETHEMALLDEAD: We've met before
(29:48 / All) MAKETHEMALLDEAD: You confessed your love for me
(29:50 / All) CatTheWicked: so you're boyfriend had to bs for you to win purp? you're a joke both of you
(30:00 / All) MAKETHEMALLDEAD: Now you sling insults at me? Saucy trollop!
(30:08 / All) CatTheWicked: cause you're a loser
(30:13 / All) CatTheWicked: you and you're gay lover
(30:21 / All) TheMightyCaesar: We have played you before
(30:24 / All) TheMightyCaesar: You spun us a tale, woman
(30:36 / All) TheMightyCaesar: http://highper.ch/index.phpcat%20the%20wicked%20spins%20us%20a%20tale
(30:44 / All) CatTheWicked: you go ahead and bs for your butt buddy im going to alt tab and watch a movie
(30:47 / All) TheMightyCaesar: Will you stay for another 40 minutes and spin us another tale?
(30:56 / All) MAKETHEMALLDEAD: Stay and chat a while
(31:05 / All) MAKETHEMALLDEAD: did you you tell us you're 450 lbs
(31:09 / All) MAKETHEMALLDEAD: can't get out of bed in the morning?
(31:14 / All) TheMightyCaesar: she did, I remember
(31:58 / All) MAKETHEMALLDEAD: didn't think I had this one
(32:01 / All) MAKETHEMALLDEAD: glad you towered
(32:03 / All) TheMightyCaesar: neither did I
(32:14 / All) MAKETHEMALLDEAD: bought me the necessary time plus green is a gullible whore
(32:22 / All) TheMightyCaesar: They didn't have nearly enough tanks
(32:24 / All) TheMightyCaesar: I focused them easy
(33:06 / All) MAKETHEMALLDEAD: pally heading your way
(33:09 / All) MAKETHEMALLDEAD: running from the beast
(35:12 / All) TheMightyCaesar: I hid a lot of farms earlier too, in case my base died
(35:16 / All) TheMightyCaesar: sent militia that they didn't notice
(35:17 / All) TheMightyCaesar: 2
(41:39 / All) MAKETHEMALLDEAD: audio commentary
(45:08 / All) MAKETHEMALLDEAD: www.youtube.com/lordfarsanky
(45:11 / All) MAKETHEMALLDEAD: channel of a god
(45:23 / All) MAKETHEMALLDEAD: The hero without equal
(45:27 / All) MAKETHEMALLDEAD: The champion without peer
(45:32 / All) TheMightyCaesar: youtube.com/user/miamicelucullus